 Dungeon Crawl Stone Soup version 0.25-a0-404-gc1b5a34292 (webtiles) character file.

Game seed: 4748515401487019353, levelgen mode: deterministic

83 DeadFury222 the Chopper (level 4, -1/41 HPs)
             Began as a Hill Orc Monk on Jan 10, 2020.
             Slain by a gnoll sergeant
             ... wielding a +4 vampiric spear
              (10 damage)
             ... on level 2 of the Dungeon.
             The game lasted 00:02:45 (924 turns).

DeadFury222 the Chopper (Hill Orc Monk)              Turns: 924, Time: 00:02:46

Health: -1/41      AC:  7    Str: 14    XL:     4   Next: 44%
Magic:  4/4        EV: 15    Int: 10    God:
Gold:   115        SH:  0    Dex: 18    Spells: 3/3 levels left

rFire    . . .     SeeInvis .   h - +2 hand axe (flame)
rCold    . . .     Gourm    .   (no shield)
rNeg     . . .     Faith    .   e - +0 scale mail
rPois    .         Spirit   .   (no helmet)
rElec    .         Reflect  .   d - +0 cloak
rCorr    .         Harm     .   (no gloves)
MR       .....                  (no boots)
Stlth    ++........             (no amulet)
HPRegen  0.13/turn              (no ring)
MPRegen  0.09/turn              (no ring)

@: agile
A: no striking features
a: no special abilities


You were on level 2 of the Dungeon.
You were not hungry.

You visited 1 branch of the dungeon, and saw 2 of its levels.

You collected 115 gold pieces.

Inventory:

Hand Weapons
 a - a +0 hand axe
 h - a +2 hand axe of flaming (weapon)
Missiles
 g - 39 stones (quivered)
Armour
 d - a +0 cloak (worn)
 e - a +0 scale mail (worn)
Jewellery
 b - a cursed +5 amulet of reflection {unknown}
Scrolls
 f - 2 scrolls of identify {unknown}
 i - 3 scrolls of remove curse {unknown}
 k - a scroll of blinking {unknown}
Potions
 j - a potion of agility
Comestibles
 c - 4 rations


   Skills:
 + Level 4.4 Fighting
 + Level 5.3 Axes
 * Level 2.2 Armour
 - Level 2.4 Dodging
 - Level 1.5 Stealth


You had 3 spell levels left.
You didn't know any spells.
Your spell library was empty.

Dungeon Overview and Level Annotations

Branches:
Dungeon (2/15)

Altars:


Message History

The gnoll sergeant hits you from afar with a +4 vampiric spear.
* * * LOW HITPOINT WARNING * * *
The gnoll barely misses you.
The gnoll sergeant hits you from afar with a +4 vampiric spear.
* * * LOW HITPOINT WARNING * * *
The gnoll hits you but does no damage.
It was a potion of agility.
You feel agile all of a sudden. The gnoll closely misses you.
The gnoll sergeant hits you but does no damage.
You hit the gnoll. You burn the gnoll.
The gnoll is almost dead.
The gnoll closely misses you. x2
The gnoll sergeant hits you but does no damage.
You hit the gnoll. You burn the gnoll.
You kill the gnoll!
The gnoll sergeant hits you but does no damage.
The gnoll barely misses you.
The gnoll sergeant hits you with a +4 vampiric spear!
You die...

..#
#########.#>..........
..# #.#........... ..#
#.#.........#. ..#
#.######...#.. ..<.
#.# #...### ....# #.#
#...# # ....# #######
#.# #...# #
#.....#######.# #...#
+.....)gg@....# #####
#.....#####...#
#.....# #...# #.....#
#...# #...gg# #...#
#.....# #...# #.....#
#...# #.....# #...#
#...#


You could see a gnoll sergeant and a gnoll.

Vanquished Creatures
  3 gnolls (D:2)
  2 adders (D:2)
  3 dart slugs
  2 giant cockroaches (D:2)
  3 goblins
  2 hobgoblins
  8 jackals
  A kobold (D:2)
  A quokka (D:2)
  A frilled lizard (D:1)
  A rat (D:2)
27 creatures vanquished.

Notes
Turn   | Place    | Note
-------+----------+-------------------------------------------
     0 | D:1      | DeadFury222 the Hill Orc Monk began the quest for the Orb.
     0 | D:1      | Reached XP level 1. HP: 19/19 MP: 1/1
   289 | D:1      | Reached XP level 2. HP: 27/27 MP: 2/2
   302 | D:1      | Reached skill level 1 in Armour
   644 | D:2      | Reached XP level 3. HP: 32/33 MP: 3/3
   898 | D:2      | Noticed a gnoll sergeant
   909 | D:2      | Reached skill level 5 in Axes
   913 | D:2      | Reached XP level 4. HP: 31/41 MP: 4/4
   924 | D:2      | Slain by a gnoll sergeant

Levels and vault maps discovered:
D:1:      dpeg_arrival_erosion, layout_rooms
D:2:      layout_basic, overflow_temple_1_default, first_ration,
          chequers_serial_rivers_micro_b

Skill      XL: |  1  2  3 |
---------------+----------+-----
Fighting       | 4 |  4.4
Armour         | 1 2 |  2.2
Axes           | 5 |  5.3
Dodging        | |  2.4
Stealth        | |  1.5

Action                   |  1- 3 |  4- 6 || total
-------------------------+-------+-------++-------
Melee: Hand axe          |    89 |     6 ||    95
  Use: Potion            |       |     1 ||     1
Armor: Scale mail        |    35 |     3 ||    38
       Robe              |     2 |       ||     2
Dodge: Dodged            |    57 |     9 ||    66

Table legend:
 A = Non-vault XP
 B = Vault XP
 C = Vault XP percentage of total XP
 D = Non-vault monster count
 E = Vault monster count
 F = Vault count percentage of total count
                 A         B        C        D         E       F
            +---------+---------+-------+---------+---------+-------
      Total |     119 |       0 |   0.0 |      27 |       0 |   0.0
            +---------+---------+-------+---------+---------+-------
        D:1 |      17 |       0 |   0.0 |       8 |       0 |   0.0
        D:2 |     102 |       0 |   0.0 |      19 |       0 |   0.0
            +---------+---------+-------+---------+---------+-------
